Schmensch, lawful female human Barbarian ------- --------- -------- ------------- |(....| #........| |......| |...........| |.....| ------ #|.......| |.......########.(..........-######....%.| |.....####|.......|#####.......| # -.----------- |.....| |....| |.%......# |.......# # # |.....| |<...| |%......| -.---|--# # ##### -.----- |...^.####|.......| ######### # # # |....| #--------- # ####################### ####### ------ ############################ # #####( # # # # # #### # -|-.---|-- -|-|- # ########## #######.........| |...| # ########## |........| |....######----------.----- ####.........| |...| ####|..............| ---------- |...-### #-...)>U........| -|--- |..........^...| # ---------------- Schmensch the Barbarian Experience level: 10 Strength: 18/12 Dexterity: 16 Constitution: 16 Intelligence: 7 Wisdom: 8 Charisma: 6 Health: 0(104) Energy: 26(26) Def: 7 Gold: 0 Moves: 16612 Dungeon seed [set]: Game ID: Schmensch_1676067954 Your Inventory: Weapons l - the blessed rustproof +2 Excalibur (weapon in hand) Armor n - an uncursed +0 splint mail (being worn) u - an uncursed +0 orcish helm (being worn) Comestibles j - an uncursed lizard corpse Scrolls M - an uncursed scroll of light U - a blessed scroll of enchant armor Rings d - an uncursed ring of invisibility (on left hand) N - an uncursed ring of fire resistance (on right hand) Wands f - an uncursed wand of cancellation (0:4) o - a blessed wand of cold (0:3) Tools a - an uncursed iron key y - an uncursed bag of holding A - an uncursed -2 unicorn horn Q - an uncursed magic whistle Gems s - an uncursed luckstone Contents of the bag of holding: 4368 gold pieces 5 uncursed [+0] daggers 8 blessed [+5] darts 5 uncursed [+0] darts a [uncursed] [+0] Hawaiian shirt a [uncursed] [+1] elven leather helm 4 uncursed food rations 3 uncursed fortune cookies 2 uncursed scrolls of blank paper a cursed scroll of blank paper a cursed scroll of create monster a [uncursed] scroll of destroy armor a [cursed] scroll of destroy armor a cursed scroll of earth an uncursed scroll of enchant weapon 2 cursed scrolls of enchant weapon an uncursed scroll of fire a [uncursed] scroll of magic mapping a cursed scroll of punishment a [uncursed] scroll of scare monster an uncursed scroll of water a [blessed] scroll of water a [uncursed] spellbook of detect unseen 2 [uncursed] potions of gain level a [blessed] potion of healing a [blessed] potion of sight 11 uncursed potions of water an uncursed wand of digging [0:7] a [uncursed] wand of fire [0:6] an uncursed wand of light [0:15] an uncursed wand of light [0:14] an uncursed wand of magic missile [0:4] an uncursed wand of make invisible [0:1] a [uncursed] brass lantern [0:1063] an uncursed lock pick a blessed tallow candle [0:200] an uncursed [+0] unicorn horn an uncursed agate 4 uncursed amethysts 2 uncursed diamonds 5 uncursed emeralds a [uncursed] jade 2 uncursed jaspers an uncursed ruby an uncursed touchstone Spells and supernatural/magical abilities: Name Level Category Fail Memory W - pray for help -- divine ? -- Your skills at the end: Miscellaneous Skills bare handed combat [Basic] Weapon Skills axe [Basic] short sword [Basic] long sword [Expert] Spellcasting Skills Final Attributes: You were piously aligned. You were fire resistant. You were cold resistant. You were poison resistant. You were level-drain resistant. Your writing hand was a little cramped from use. You were telepathic. You had automatic searching. You were invisible. You were fast. You were lucky. You had extra luck. Bad luck did not time out for you. Good luck did not time out for you. You are dead. Vanquished creatures: a vampire lord 2 giant mimics a large mimic a long worm a stalker 4 hill giants 2 small mimics 2 warhorses 2 xans an ettin mummy 2 ogre lords a troll a werebear a pyrolisk a large dog 2 stinking spheres a freezing sphere a large cat 2 tigers a tengu 2 ochre jellies 2 crocodiles a leocrotta an elf mummy 2 Grey-elves a black bear an ettin zombie 3 giant beetles a cockatrice 2 wolves 3 winter wolf cubs 2 leprechauns 2 quivering blobs a spotted jelly 5 lizards 2 horses an ice vortex 3 forest centaurs 3 gnome kings an orc mummy 2 dwarf mummies 21 ogres an owlbear a yeti a gold golem a werewolf a dog a housecat a jaguar 3 blue jellies 2 gray unicorns a black unicorn a dust vortex a raven 2 plains centaurs a gnome mummy 3 apes 4 human zombies 2 rope golems 6 soldier ants 3 fire ants 2 yellow lights a bugbear 4 Mordor orcs an orc shaman a rock mole 2 ponies 2 fog clouds a shrieker a violet fungus 10 gnome lords 6 gnomish wizards 6 kobold mummies 2 black naga hatchlings 2 gray oozes a barrow wight 2 elf zombies a ghoul 2 straw golems 7 giant ants a puppy 11 floating eyes 2 kittens 5 dwarves 2 homunculi a quasit 2 kobold shamans 6 iguanas 22 hill orcs 7 rothes a jitterbug a giant bat 3 orc zombies 2 dwarf zombies 3 killer bees 6 coyotes 2 gas spores 5 hobbits an acid blob 5 geckos 2 hobgoblins 5 giant rats 6 cave spiders a brown mold a yellow mold 2 red molds 53 gnomes 10 garter snakes 11 manes 8 jackals a fox 6 kobolds 6 newts 10 goblins 9 sewer rats 9 grid bugs 3 lichens 10 kobold zombies 423 creatures vanquished. Voluntary challenges: You did not cause conflict. You did not have reflection. You were not displaced. You did not donate to any temples.. You used a wielded weapon 528 times, starting on turn 42. You did not use sinks. You read items or engraved 15 times, starting on turn 883. You never genocided any monsters. You never polymorphed an object. You never changed form. You completed Sokoban on turn 9308, according to the rules. You used no wishes. You did not apply or invoke any artifacts. You never split a pudding. You wrote Elbereth's name 9 times, starting on turn 2278. You violated your moral code, losing 4 points of alignment, starting on turn 1268. Dungeon overview: The Dungeons of Doom: levels 1 to 14 Level 1 a long staircase Level 2 a scroll shop stairs to The Gnomish Mines Level 3 a vault Level 4 Level 5 many fountains Level 6 stairs to Sokoban Level 7 a vault, a fountain Level 8 a fountain Level 9 a vault, a fountain Level 10 a vault, a general store Level 11 a fountain Level 12 portal to The Quest Level 13 <- You were here a fountain Level 14 The Gnomish Mines: levels 3 to 10 Level 3 stairs to The Dungeons of Doom Level 4 Level 5 many shops, a temple to Crom, a magic chest, some fountains Level 6 Level 7 Level 8 Level 9 Level 10 a magic chest, a fountain The Quest: Level 1 a throne portal to The Dungeons of Doom Sokoban: levels 2 to 5 Level 2 a magic chest Level 3 a sink Level 4 Level 5 a magic chest stairs to The Dungeons of Doom History has recorded: On T:1 you entered the Dungeons of Doom to retrieve the Amulet of Yendor! On T:420 you reached level 2 of The Dungeons of Doom. On T:500 you became devout. On T:881 you reached level 1 of The Gnomish Mines. On T:897 you advanced to experience level 2. On T:1032 you advanced to experience level 3. On T:1294 you advanced to experience level 4. On T:1320 you reached level 2 of The Gnomish Mines. On T:1359 you advanced to experience level 5. On T:1360 you became pious. On T:1587 you reached level 3 of The Gnomish Mines. On T:1679 you entered the Minetown temple On T:1736 you advanced to experience level 6. On T:2008 you opened a magic chest. On T:2271 you reached level 3 of The Dungeons of Doom. On T:3673 you reached level 4 of The Gnomish Mines. On T:3816 you advanced to experience level 7. On T:4156 you reached level 5 of The Gnomish Mines. On T:4272 you reached level 6 of The Gnomish Mines. On T:4382 you reached level 7 of The Gnomish Mines. On T:4552 you advanced to experience level 8. On T:4600 you reached level 8 of The Gnomish Mines. On T:4600 you reached the bottom of the Mines. On T:4600 you unlocked the dwarven race by reaching the bottom of the Mines. On T:4600 you unlocked the race option by reaching the bottom of the Mines. On T:4600 you unlocked the showrace option by reaching the bottom of the Mines. On T:5548 you reached level 4 of The Dungeons of Doom. On T:5850 you reached level 5 of The Dungeons of Doom. On T:5923 you reached level 6 of The Dungeons of Doom. On T:6541 you advanced to experience level 9. On T:6605 you reached level 4 of Sokoban. On T:7021 you reached level 3 of Sokoban. On T:7021 you unlocked the elven race by using stairs in Sokoban. On T:7544 you reached level 2 of Sokoban. On T:8083 you reached level 1 of Sokoban. On T:9308 you advanced to experience level 10. On T:9308 you entered the Sokoban zoo. On T:9308 you unlocked the Knight role by completing Sokoban without cheating. On T:9308 you unlocked the horse name option by completing Sokoban without cheating. On T:10194 you reached level 7 of The Dungeons of Doom. On T:10651 you reached level 8 of The Dungeons of Doom. On T:11053 you reached level 9 of The Dungeons of Doom. On T:11462 you reached level 10 of The Dungeons of Doom. On T:11731 you reached level 11 of The Dungeons of Doom. On T:12066 you reached level 12 of The Dungeons of Doom. On T:12395 you unlocked the gnomish race by travelling via magic portal. On T:12395 you reached level 1 of The Quest. On T:12909 you reached level 13 of The Dungeons of Doom. On T:13648 you reached level 14 of The Dungeons of Doom. Score breakdown: Gold: 4368 ( 436 points) Experience: 10 levels ( 900 points) Exploration: 14 levels ( 390 points) Discoveries: 51 items ( 2000 points) Variety of kills: 118 monsters ( 2000 points) Major goal: Sokoban/Mines ( 1500 points) Survival: died (score multiplied by 3) Total score: 21678 Latest messages: You don't feel cold. The blast of frost hits the leocrotta! The blast of frost hits the rabid rat. The dwarf mummy scratches you! The vampire bat bites! (2x) The warg bites! The yeti claws you! The yeti misses. The yeti bites! The bolt of cold hits the warg! The mountain centaur punches you! The mountain centaur kicks! (2x) The vampire bat bites! (2x) The yeti misses. The yeti claws you! The yeti bites! You stop searching. You smite the werebear! The werebear mauls you! The werebear bites! The bolt of cold hits the werebear. The werebear mauls you! You die... Final status: Goodbye Schmensch the Barbarian, killed by a werebear... You died in The Dungeons of Doom on dungeon level 13 with 21678 points, and 4368 pieces of gold, after 16612 moves. You were level 10 with a maximum of 104 hit points when you died.